AoeStats
← LordValor

Arena

509146992Analyzed
3v3 RM · 7d ago on Sep 25, 2026· 31m 31s· 6 players
Game mode
Random Map
Map size
Normal (6 player)
Population
200
Speed
Normal
Resources
Standard
Victory
Conquest
Starting age
Dark Age
Ending age
Imperial Age
RankedLock teamsTeams togetherTeam positionsShared explorationLock speedFull tech treeHidden civsTurbo modeCheats
Victory
Defeat
🇲🇽 Vikings · Mexico
1020
+13
🇧🇷 Spanish · Brazil
1010
+14
🇳🇱 Khmer · Netherlands
1000
+14
🇩🇪 Britons · Germany
996
-14
🇬🇧 Magyars · United Kingdom
955
-14
🇩🇪 Teutons · Germany
934
-13
Poten
11:12 Feudal Age
11:57 Double-Bit Axe
11:56 Horse Collar
13:40 Loom
16:28 Castle Age
15:01 Horse Collar
15:22 Arson
17:22 Bow Saw
20:12 Town Watch
20:39 Scale Mail Armor
29:13 Squires
29:26 Forging
29:54 Pikeman
бездельник
8:52 Loom
10:40 Feudal Age
8:58 Loom
11:49 Double-Bit Axe
14:50 Castle Age
16:56 Wheelbarrow
16:39 Bow Saw
16:18 Horse Collar
19:35 Town Watch
21:23 Wheelbarrow
22:13 Scale Barding Armor
23:48 Husbandry
23:55 Husbandry
24:03 Gold Mining
24:33 Heavy Plow
25:51 Forging
25:33 Fletching
28:08 Chain Barding Armor
28:23 Bloodlines
29:18 Stone Mining
32:19 Iron Casting
MrSoider
blankityblanko
10:33 Feudal Age
15:06 Castle Age
15:43 Loom
15:50 Double-Bit Axe
16:01 Stone Mining
17:19 Bow Saw
17:48 Loom
18:25 Fletching
23:04 Horse Collar
24:56 Scale Barding Armor
29:43 Wheelbarrow
LordValor
2:19 Loom
13:19 Feudal Age
14:00 Double-Bit Axe
13:57 Horse Collar
14:42 Gold Mining
18:17 Castle Age
19:14 Bow Saw
19:13 Heavy Plow
Airfoxa380
Connection lost

Rejoining the realm…

Still unreachable

The connection could not be restored.

Session expired

The server has moved on; the page needs a fresh start.